 Dungeon Crawl Stone Soup version 0.31-a0-705-ga145531891 (webtiles) character file.

Game seed: 2533161717367961947

52 Darius099 the Chopper (level 3, -3/31 HPs)
             Began as a Minotaur Fighter on Sept 9, 2023.
             Slain by an ogre
             ... wielding a +0 giant club
              (30 damage)
             ... on level 3 of the Dungeon.
             The game lasted 00:04:16 (1496 turns).

Darius099 the Chopper (Minotaur Fighter)            Turns: 1496, Time: 00:04:17

Health: -3/31      AC:  8    Str: 22    XL:     3   Next: 60%
Magic:  2/2        EV:  9    Int:  5    God:
Gold:   90         SH:  9    Dex:  9    Spells: 2/2 levels left

rFire   . . .        a - +0 war axe
rCold   . . .        c - +0 buckler
rNeg    . . .        b - +0 scale mail
rPois   .            (helmet restricted)
rElec   .            (no cloak)
rCorr   .            (no gloves)
SInv    .            k - +0 pair of boots
Will    .....        g - amulet of reflection Stlth
                     (no ring)
HPRegen 0.25/turn    (no ring)
MPRegen 0.08/turn

%: reflection
@: no status effects
A: horns 2, retaliatory headbutt
a: no special abilities


You were on level 3 of the Dungeon.
You visited 1 branch of the dungeon, and saw 3 of its levels.

You collected 90 gold pieces.

Inventory:

Hand Weapons
 a - a +0 war axe (weapon)
Armour
 b - a +0 scale mail (worn)
 c - a +0 buckler (worn)
 k - a +0 pair of boots (worn)
Jewellery
 g - an amulet of reflection (around neck)
Scrolls
 e - 2 scrolls of poison {unknown}
 f - 2 scrolls of enchant weapon {unknown}
 j - a scroll of immolation {unknown}
 l - 2 scrolls of identify {unknown}
 m - a scroll of brand weapon {unknown}
Potions
 d - a potion of might
 h - a potion of curing {unknown}
 i - 2 potions of brilliance {unknown}


   Skills:
 - Level 3.6 Fighting
 + Level 4.9 Axes
 - Level 3.6 Armour
 - Level 3.6 Shields


You had 2 spell levels left.
You didn't know any spells.
Your spell library contained the following spells:

 Spells                   Type           Power      Damage    Failure   Level
 Summon Small Mammal      Summ           0%         N/A       86%         1
 Call Canine Familiar     Summ           0%         N/A       99%         3
 Summon Guardian Golem    Hex/Summ       0%         N/A       99%         3
 Chain Lightning          Conj/Air       0%         N/A       100%        9
 Fire Storm               Conj/Fire      0%         5d1       100%        9
 Shatter                  Erth           0%         3d5*      100%        9


Dungeon Overview and Level Annotations

Branches:
Dungeon (3/15)

Altars:


Innate Abilities, Weirdness & Mutations

You have a pair of horns on your head.
You reflexively headbutt those who attack you in melee.


Message History

You hit the kobold.
You kill the kobold!
You hit the quokka.
You kill the quokka!
The kobold hits you but does no damage.
You see here a quokka corpse.
You hit the kobold.
The kobold is severely wounded.
You block the kobold's attack. x2
You miss the kobold.
The kobold is severely wounded.
The kobold hits you with a +0 club.
You barely miss the kobold.
The kobold is severely wounded.
The kobold hits you but does no damage.
You hit the kobold.
You kill the kobold!
Things that are here:
a +0 club; a +0 short sword; a kobold corpse A quokka comes into view.
A quokka is nearby!
You closely miss the quokka. You headbutt the quokka.
You kill the quokka!
You see here a quokka corpse.
A kobold comes into view. It is wielding a +0 dagger.
Found 6 gold pieces.
The kobold shouts!
You hear a shout!
An ogre comes into view. It is wielding a +0 giant club.
The kobold throws a stone.
The stone barely misses you. You block the kobold's attack.
You hit the kobold. You headbutt the kobold.
You kill the kobold!
Found a scroll labelled ROSSUB BETITI.
Things that are here:
a +0 dagger; 3 stones You slash the ogre!
The ogre is moderately wounded.
The ogre hits you with a +0 giant club!!
Ouch! That really hurt!
You die...

.... ... .#.....#.#
#.##.### ......#.#
#...†... ####.......##
#....##. #.....$.....
#.#####. ##..........
#.#####. ..........#
#..†.... #........# ###
#.##.### #....O@.# ..#
#.##.# #.......####.#
#.##.# #........†...#
#.##.#
####.#######.###<##.###
#. #).......... #?
#.†#####..## # #..#
#..# #...# #..## .....#
#....


You could see an ogre.

Vanquished Creatures
  An adder (D:2)
  A dart slug (D:2)
  4 endoplasms (D:1)
  3 goblins (D:2)
  2 hobgoblins (D:1)
  4 jackals (D:1)
  6 kobolds
  3 quokkas
  4 ball pythons
  5 bats
  2 frilled lizards (D:1)
  2 rats (D:1)
37 creatures vanquished.

Notes
Turn   | Place    | Note
-------+----------+-------------------------------------------
     0 | D:1      | Darius099 the Minotaur Fighter began the quest for the Orb.
     0 | D:1      | Reached XP level 1. HP: 19/19 MP: 0/0
    28 | D:1      | Reached skill level 3 in Axes
    60 | D:1      | Reached XP level 2. HP: 26/26 MP: 1/1
   351 | D:1      | Found a faded altar of an unknown god.
   356 | D:1      | Reached skill level 4 in Axes
   958 | D:2      | Reached XP level 3. HP: 29/31 MP: 2/2
  1491 | D:3      | Noticed an ogre
  1496 | D:3      | Slain by an ogre

Illustrated notes

Levels and vault maps discovered:
D:1:      dpeg_arrival_pond, layout_loops_corners,
          hellmonk_ecumenical_altar_run_dry
D:2:      layout_basic, nicolae_elevator_lobby_asterisk
D:3:      layout_loops_ring, nicolae_ru_sacrificial_ziggurat

Skill      XL: |  1  2 |
---------------+-------+-----
Axes           | 3 4 |  4.9
Fighting       | |  3.6
Armour         | |  3.6
Shields        | |  3.6

Action                     || total
---------------------------++-------
  Melee: War axe           ||    81
         Headbutt          ||     8
 Armour: Scale mail        ||    50
  Dodge: Dodged            ||    34
  Block: Buckler           ||    32

Table legend: (Time is in decaauts)
 A = Elapsed time spent in this place.
 B = Non-inter-level travel time spent in this place.
 C = Inter-level travel time spent in this place.
 D = Time resting spent in this place.
 E = Time spent auto-exploring this place.
 F = Levels seen in this place.
 G = Mean time per level.
                   A        B        C        D        E       F      G
               +--------+--------+--------+--------+--------+-----+--------+
         Total |   1521 |   1485 |     36 |      0 |   1157 |   3 |  507.0 |
       Dungeon |   1521 |   1485 |     36 |      0 |   1157 |   3 |  507.0 |
               +--------+--------+--------+--------+--------+-----+--------+

Top non-repeatable levels by time:
     D:1: 821 daAuts
     D:2: 614 daAuts
     D:3: 85 daAuts
